 Dungeon Crawl Stone Soup version 0.14-a0-2381-g4cacdb4 (webtiles) character file.

17711 Medar the Impaler (level 13, -19/74 HPs)
             Began as a Formicid Arcane Marksman on Feb 3, 2014.
             Was a High Priest of Cheibriados.
             Demolished by a minotaur
             ... wielding a +4,+1 vampiric executioner's axe
              (34 damage)
             ... in a labyrinth.
             The game lasted 01:07:34 (18352 turns).

Medar the Impaler (Formicid Arcane Marksman)       Turns: 18352, Time: 01:07:34

HP -19/74        AC 12     Str 37      XL: 13   Next:  8%
MP  14/24        EV 14     Int 28      God: Cheibriados [*****.]
Gold 950         SH  0     Dex 25      Spells:  6 memorised,  1 level left

rFire  + + .     SeeInvis +     a - +0 halberd
rCold  . . .     Clarity  .     s - +0 robe of the Moon {rF++ Acc+6}
rNeg   . . .     Conserve .     (no shield)
rPois  x         rCorr    .     (helmet unavailable)
rElec  .         rRot     .     g - +1 orc cloak
SustAb . .       Spirit   .     q - +1 pair of gloves (curse)
rMut   .         Warding  .     Z - +0 pair of boots
Saprov . . .     Stasis   +     (no amulet)
MR     ++...                    W - +3 ring of dexterity
                                v - ring of protection from magic

@: mighty, very slow, very resistant to hostile enchantments, fairly stealthy
A: permanent stasis, dig shafts and tunnels, four strong arms, poison weakness,
antennae 3, slimy green scales 1, yellow scales 1, slow healing 1, slow
metabolism 1, spit poison 1, strong 1, evolution 1, exoskeleton 1
a: Dig, Shaft Self, Spit Poison, Bend Time, Temporal Distortion, Slouch, Step
From Time, Renounce Religion


You were in a labyrinth.
You worshipped Cheibriados.
Cheibriados was extremely pleased with you.
You were hungry.

You visited 2 branches of the dungeon, and saw 13 of its levels.
You also visited: Labyrinth and Ossuary.

You collected 950 gold pieces.

Inventory:

Hand weapons
 a - a +0,+0 halberd (weapon)
 p - a +1,+0 scythe of protection
Missiles
 e - a throwing net
 f - 4 tomahawks (quivered)
 n - a steel tomahawk
 r - a throwing net [frayed] {=F}
 w - 14 darts of frost
 E - 3 large rocks
 I - a throwing net [frayed] {=F}
Armour
 g - a +1 orcish cloak (worn)
 q - a cursed +1 pair of gloves (worn)
 s - the +0 robe of the Moon (worn) {rF++ Acc+6}
   (You found it on level 2 of the Lair of Beasts)

   It affects your accuracy with ranged weapons and melee attacks (+6).
   It greatly protects you from fire.
 t - a +1 elven ring mail of poison resistance
 C - a cursed +2 leather armour of cold resistance
 Z - a +0 pair of boots (worn)
Magical devices
 b - a wand of digging (10)
 j - a wand of confusion (11)
 D - a wand of disintegration (14)
 K - a wand of paralysis (15)
 N - a wand of paralysis (11)
Comestibles
 l - 5 bread rations
 u - 4 meat rations
 B - 5 beef jerkies
 Q - an apricot
Scrolls
 d - 2 scrolls of silence {!r}
 h - a scroll of amnesia
 k - a scroll of fear {unknown}
 o - a scroll of magic mapping
 y - 3 scrolls of identify
 G - a scroll of recharging
 H - a scroll of remove curse
 X - a scroll of vulnerability
Jewellery
 m - a +4 ring of intelligence
 v - a ring of protection from magic (left hand)
 P - an uncursed ring of sustenance
 W - a +3 ring of dexterity (right hand)
Potions
 i - 5 potions of curing
 x - a potion of might
 z - 3 potions of flight
 F - a potion of heal wounds
 J - 2 potions of invisibility
 L - 4 potions of brilliance
 M - 2 potions of resistance
 O - a potion of agility
 R - a potion of restore abilities
 S - a potion of lignification
Books
 c - Sif Muna's Reference Book on Enchantment
   (You found it on level 9 of the Dungeon)

   Spells                             Type                      Level
   Confusing Touch                    Hexes                        1
   *Slow                              Hexes                        2
   Confuse                            Hexes                        3
   Fulminant Prism                    Conjuration/Hexes            5
   Silence                            Hexes/Air                    5
 A - a book of Air

   Spells                             Type                      Level
   Shock                              Conjuration/Air              1
   Swiftness                          Charms/Air                   2
   *Repel Missiles                    Charms/Air                   2
   Flight                             Charms/Air                   3
   Static Discharge                   Conjuration/Air              3
   Lightning Bolt                     Conjuration/Air              5


   Skills:
 - Level 2.1 Fighting
 + Level 15.9 Polearms
 - Level 1.5 Throwing
 - Level 2.1 Armour
 - Level 2.3 Dodging
 - Level 3.3 Spellcasting
 - Level 5.2 Conjurations
 - Level 5.8 Hexes
 - Level 7.7 Invocations


You had one spell level left.
You knew the following spells:

 Your Spells              Type           Power        Failure   Level  Hunger
d - Slow                  Hex            #####...     1%          2    #......
f - Cause Fear            Hex            #####.....   10%         4    ####...
g - Enslavement           Hex            #####...     10%         4    ####...
r - Repel Missiles        Chrm/Air       #.........   14%         2    #......
s - Corona                Hex            #####..      1%          1    None
x - Iskenderun's Mystic   Conj           ####....     12%         4    ####...


Dungeon Overview and Level Annotations

Branches:
Dungeon (9/16)             Temple (0/1) D:4            Lair (4/8) D:8
  Snake (0/5) Lair:3
    Orc: D:9-12       Swamp: Lair:3-6    Shoals: Lair:3-6    Spider: Lair:3-6

Altars:
Ashenzari
Cheibriados
Elyvilon
Fedhas
Kikubaaqudgha
Makhleb
Nemelex Xobeh
Okawaru
Xom
The Shining One

Shops:
D:7 %

Annotations:
Lair:3 exclusions: fire drake, hydra and 2 nagas


Innate Abilities, Weirdness & Mutations

Your are under a permanent stasis effect.
You can dig through walls and to a lower floor.
Your four strong arms can wield any weapon, most with a shield.
You are susceptible to poison.
You have a pair of large antennae on your head (SInv).
Your body is surrounded by an exoskeleton. (AC +1)
You are partially covered in slimy green scales (AC +2).
You are partially covered in yellow scales (AC +2).
You heal slowly when monsters are visible.
You have a slow metabolism.
You can spit poison.
Your muscles are strong. (Str +2)
You evolve.


Message History

Aim: a minotaur (severely wounded)
You completely miss the minotaur.
The minotaur is severely wounded.
The minotaur hits you!
* * * LOW HITPOINT WARNING * * *
The minotaur gores you but does no damage.
Use which ability? (? or * to list)
Okay, then.
Unknown command.
Press: ? - help, v - describe, . - travel
Here: a minotaur (severely wounded)
An open door, spattered with blood.
Unknown command.
Use which ability? (? or * to list)
You step out of the flow of time.
You return to the normal time flow.
You are feeling hungry.
Cheibriados reduces the support of your attributes as your movement quickens.
The minotaur bellows!
The minotaur hits you with a glowing executioner's axe!
You die...

#.# .# ###.#.###
....#...# ▓... .#.#
▓.. #. .# ▓▓▓+
.##### #
▓..⌠.▓▓▓.....# #
+⌠...'H@.###.#.###.
▓...<▓▓▓.# #.
.....# ▓.⌠. ▓.# # #
# ## ▓▓+ ▓.# ▓..
▓.. ..## #.. .#


You could see a minotaur.

Vanquished Creatures
  The ghost of letownia the Arsonist, an experienced DjFE of Makhleb (D:9)
  Pikel (D:6)
  A cyclops (D:9)
  3 black mambas
  4 wolves
  Prince Ribbit (D:6)
  3 spiny frogs
  An item mimic (Lair:2)
  The ghost of wojtek the Cutter, an experienced KoAs (D:5)
  4 komodo dragons
  14 blink frogs
  3 yaks (Lair:2)
  2 basilisks
  2 trapdoor spiders (Lab)
  A hill giant zombie (D:9)
  Eustachio (D:6)
  A steam dragon (D:7)
  A hill giant skeleton (D:8)
  5 hippogriffs
  Edmund (D:7)
  Menkaure (D:7)
  5 porcupines
  3 orc warriors (D:6)
  2 ice beasts
  A necrophage (D:4)
  A sky beast (D:8)
  2 phantoms
  4 ogres
  A black bear (D:8)
  A slave (D:6)
  3 crocodiles
  Sigmund (D:6)
  Duvessa (D:4)
  16 giant frogs
  2 giant slugs (Lair:2)
  A centaur (D:9)
  3 agate snails
  2 water moccasins
  5 jellies (D:6)
  5 wights (D:8)
  5 crimson imps
  Dowan (D:4)
  A goliath beetle (Lair:1)
  9 hounds
  3 orc priests
  A black bear zombie (D:9)
  4 iguanas
  3 orc wizards
  6 worker ants
  4 scorpions
  A big fish (Lair:4)
  2 big kobold zombies (Ossuary)
  6 sheep (Lair:3)
  A sky beast zombie (D:5)
  2 ogre skeletons
  11 mummies
  5 gnolls
  15 adders
  2 giant centipedes
  14 green rats
  3 giant mites
  2 worms
  2 orc zombies
  2 giant eyeballs (D:8)
  11 giant geckos
  23 orcs
  11 bats
  8 giant cockroaches
  2 gnoll zombies (Ossuary)
  9 goblins
  11 hobgoblins
  14 jackals
  A ball python (D:5)
  A giant gecko skeleton (D:7)
  2 giant gecko zombies
  3 giant newts
  3 giant spores (D:7)
  A hobgoblin skeleton (D:5)
  2 hobgoblin zombies
  14 kobolds
  A kobold skeleton (D:6)
  3 kobold zombies
  10 quokkas
  18 rats
  2 rat skeletons
  8 ballistomycetes (D:7)
374 creatures vanquished.

Vanquished Creatures (collateral kills)
  Grum (D:8)
  A wolf (D:8)
2 creatures vanquished.

Vanquished Creatures (others)
  A two-headed ogre (D:8)
  2 slaves (D:6)
  A centaur (D:6)
  2 giant frogs (D:6)
  A worker ant (D:6)
  An adder (D:6)
  An orc zombie (D:8)
  A quokka (D:6)
  15 plants (D:8)
25 creatures vanquished.

Grand Total: 401 creatures vanquished

Notes
Turn   | Place    | Note
--------------------------------------------------------------
     0 | D:1      | Medar, the Formicid Arcane Marksman, began the quest for the Orb.
     0 | D:1      | Reached XP level 1. HP: 13/13 MP: 2/2
   189 | D:1      | Reached skill level 4 in Hexes
   257 | D:1      | Reached XP level 2. HP: 18/18 MP: 1/3
   261 | D:1      | Learned a level 2 spell: Slow
   723 | D:1      | Reached XP level 3. HP: 17/23 MP: 2/4
   865 | D:1      | Reached skill level 5 in Hexes
  1412 | D:2      | Reached XP level 4. HP: 28/28 MP: 3/6
  1650 | D:2      | Learned a level 4 spell: Cause Fear
  2502 | D:3      | Reached XP level 5. HP: 23/33 MP: 10/10
  2973 | D:3      | Found a snail-covered altar of Cheibriados.
  2986 | D:3      | Became a worshipper of Cheibriados the Contemplative
  3031 | D:4      | Noticed an ogre
  3475 | D:4      | Reached skill level 1 in Polearms
  3512 | D:4      | Reached XP level 6. HP: 38/38 MP: 11/13
  3791 | D:4      | Killed an ogre
  3849 | D:4      | Found a sparkling altar of Nemelex Xobeh.
  4012 | D:4      | Reached XP level 7. HP: 43/43 MP: 12/14
  4013 | D:4      | Noticed a necrophage
  4020 | D:4      | Killed a necrophage
  4134 | D:4      | Found a staircase to the Ecumenical Temple.
  4216 | D:4      | Reached skill level 5 in Polearms
  4260 | D:4      | Found a white marble altar of Elyvilon.
  4318 | D:5      | Entered Level 5 of the Dungeon
  4340 | D:5      | Found a sand-covered staircase.
  4352 | D:5      | Learned a level 4 spell: Enslavement
  4353 | Ossuary  | Entered an ossuary
  4793 | Ossuary  | Reached XP level 8. HP: 31/48 MP: 16/16
  4793 | Ossuary  | Reached skill level 6 in Polearms
  5070 | D:5      | Noticed wojtek's ghost (experienced KoAs)
  5092 | D:5      | Killed wojtek's ghost
  5092 | D:5      | Reached skill level 7 in Polearms
  5482 | D:5      | Found an iron altar of Okawaru.
  5579 | D:5      | Noticed Dowan
  5607 | D:5      | Noticed Duvessa
  5701 | D:4      | You fall through a shaft for 3 floors!
  5704 | D:7      | Reached skill level 8 in Polearms
  5707 | D:7      | Noticed Menkaure
  5712 | D:6      | Noticed Sigmund
  5715 | D:6      | Noticed Pikel
  5720 | D:7      | Noticed Eustachio
  5901 | D:8      | Reached XP level 9. HP: 34/53 MP: 18/18
  5944 | D:8      | Reached skill level 1 in Armour
  6013 | D:8      | Killed a two-headed ogre
  6205 | D:8      | Reached skill level 1 in Invocations
  6207 | D:8      | Acquired Cheibriados' first power
  6384 | D:8      | Noticed a komodo dragon
  6399 | D:8      | Killed a komodo dragon
  6399 | D:8      | Reached skill level 9 in Polearms
  6635 | D:7      | Found a shattered altar of Ashenzari.
  6672 | D:7      | Noticed Edmund
  6683 | D:7      | Killed Edmund
  6683 | D:7      | Reached skill level 10 in Polearms
  6683 | D:7      | Reached XP level 10. HP: 60/60 MP: 17/19
  6790 | D:7      | Found a blossoming altar of Fedhas.
  7591 | D:6      | Acquired Cheibriados' second power
  7807 | D:6      | Killed Pikel
  7807 | D:6      | Reached skill level 11 in Polearms
  8004 | D:6      | Noticed Prince Ribbit
  8131 | D:6      | Found an ancient bone altar of Kikubaaqudgha.
  8498 | D:6      | Reached skill level 12 in Polearms
  8705 | D:6      | Killed Prince Ribbit
  8781 | D:6      | Killed Sigmund
  8937 | D:5      | Found a shimmering altar of Xom.
  9068 | D:5      | Found a burning altar of Makhleb.
  9068 | D:5      | Noticed a cacodemon
  9071 | D:5      | Noticed a smoke demon
  9071 | D:5      | Noticed a hellwing
  9241 | D:4      | Killed Duvessa
  9254 | D:4      | Killed Dowan
  9411 | D:7      | Found Ubount's Food Boutique.
  9424 | D:7      | Acquired Cheibriados' third power
  9440 | D:7      | Gained mutation: You heal slowly when monsters are visible. [potion of mutation]
  9440 | D:7      | Gained mutation: You are partially covered in yellow scales (AC +2). [potion of mutation]
  9440 | D:7      | Gained mutation: You can spit poison. [potion of mutation]
  9441 | D:7      | Gained mutation: You evolve. [potion of mutation]
  9441 | D:7      | Gained mutation: You have a slow metabolism. [potion of mutation]
 10028 | D:8      | Learned a level 2 spell: Repel Missiles
 10077 | D:8      | Noticed Grum
 10090 | D:8      | Killed Grum
 10106 | D:8      | Reached skill level 5 in Invocations
 10163 | D:8      | Reached XP level 11. HP: 64/64 MP: 20/20
 10204 | D:8      | Found a staircase to the Lair.
 10395 | Lair:1   | Entered Level 1 of the Lair of Beasts
 10940 | Lair:1   | Reached skill level 13 in Polearms
 11025 | Lair:1   | Gained mutation: Your muscles are strong. (Str +2) [evolution]
 12298 | Lair:2   | Reached skill level 14 in Polearms
 12545 | Lair:2   | Got a ripped robe
 12555 | Lair:2   | Identified the +0 robe of the Moon {rF++ Acc+6} (You found it on level 2 of the Lair of Beasts)
 12584 | Lair:2   | Gained mutation: You are partially covered in slimy green scales (AC +2). [evolution]
 12651 | Lair:2   | Reached XP level 12. HP: 62/70 MP: 20/23
 13426 | Lair:2   | Reached skill level 15 in Polearms
 13822 | Lair:3   | Noticed a five-headed hydra
 13889 | Lair:1   | Learned a level 4 spell: Iskenderun's Mystic Blast
 13979 | D:7      | Reached skill level 1 in Conjurations
 14024 | D:7      | Killed Menkaure
 14220 | D:6      | Killed Eustachio
 14576 | D:6      | Found an ancient bone altar of Kikubaaqudgha.
 15158 | D:9      | Noticed letownia's ghost (experienced DjFE)
 15165 | D:9      | Killed letownia's ghost
 15190 | D:9      | Identified Sif Muna's Reference Book on Enchantment
 15409 | D:9      | Reached skill level 5 in Conjurations
 17042 | Lair:3   | Reached XP level 13. HP: 74/74 MP: 24/24
 17140 | Lair:3   | Found a staircase to the Snake Pit.
 17742 | Lair:4   | Found a glowing golden altar of the Shining One.
 17829 | Lair:4   | Found a labyrinth entrance.
 17839 | Lab      | Entered a labyrinth
 18343 | Lab      | Noticed a minotaur
 18352 | Lab      | Demolished by a minotaur

Action                   |  1- 3 |  4- 6 |  7- 9 | 10-12 | 13-15 || total
-------------------------+-------+-------+-------+-------+-------++-------
Melee: Mace              |    70 |    86 |       |       |       ||   156
       Unarmed           |     7 |       |       |       |       ||     7
       Halberd           |       |    13 |   305 |   728 |    42 ||  1088
Throw: Dart              |     4 |    14 |    24 |    59 |       ||   101
       Large rock        |     4 |    19 |    11 |     9 |       ||    43
       Throwing net      |     2 |     1 |     1 |       |       ||     4
       Tomahawk          |       |       |     4 |    13 |     4 ||    21
 Cast: Corona            |    23 |    34 |    56 |   114 |     4 ||   231
       Slow              |       |     5 |     7 |    33 |     1 ||    46
       Cause Fear        |       |     1 |     1 |     6 |       ||     8
       Enslavement       |       |       |       |     2 |       ||     2
       Iskenderun's Myst |       |       |       |     5 |       ||     5
       Repel Missiles    |       |       |       |     1 |       ||     1
Invok: Slouch            |       |       |       |     7 |     1 ||     8
       Step From Time    |       |       |       |     1 |     1 ||     2
 Abil: Dig               |       |       |     1 |     1 |       ||     2
       Shaft Self        |       |       |     1 |       |       ||     1
       Spit Poison       |       |       |       |     1 |       ||     1
Evoke: Wand              |       |       |     1 |     3 |     2 ||     6
  Use: Scroll            |     3 |     7 |    10 |    11 |     1 ||    32
       Potion            |       |       |     7 |     5 |     2 ||    14
 Stab: Held in net/web   |       |       |     1 |       |       ||     1
       Distracted        |       |       |       |     3 |       ||     3
       Sleeping          |       |       |       |     3 |       ||     3
       Fleeing           |       |       |       |     1 |       ||     1
